 Dungeon Crawl Stone Soup version 0.22-a0-367-gb72a975 (webtiles) character file.

11 dstrtnsr the Chiller (level 2, 0/20 HPs)
             Began as a Centaur Ice Elementalist on Apr 22, 2018.
             Succumbed to a goblin's poison
             ... on level 2 of the Dungeon.
             The game lasted 00:02:13 (273 turns).

dstrtnsr the Chiller (Centaur Ice Elementalist)      Turns: 273, Time: 00:02:14

Health: 0/20       AC:  4    Str: 10    XL:     2   Next: 13%
Magic:  0/4        EV:  9    Int: 14    God:
Gold:   20         SH:  0    Dex:  9    Spells: 3/4 levels left

rFire    . . .     SeeInvis .     - Unarmed
rCold    . . .     Gourm    .   (no shield)
rNeg     . . .     Faith    .   a - +0 robe
rPois    .         Spirit   .   (no helmet)
rElec    .         Reflect  .   (no cloak)
rCorr    .         Harm     .   (no gloves)
MR       .....     Rnd*Tele +   (no barding)
Stlth    +.........             (no amulet)
HPRegen  0.06/turn              e - ring of teleportation (curse)
MPRegen  0.09/turn              (no ring)

@: lethally poisoned (0 -> -3), very quick
A: large, hooves 3, deformed body, speed 2, tough skin 3
a: no special abilities


You were on level 2 of the Dungeon.
You were not hungry.

You visited 1 branch of the dungeon, and saw 2 of its levels.

You collected 20 gold pieces.

Inventory:

Armour
 a - a +0 robe (worn)
Jewellery
 e - a cursed ring of teleportation (left hand)
Scrolls
 b - a scroll of amnesia {unknown}
Comestibles
 c - 2 rations {!d}


   Skills:
 - Level 1.3 Dodging
 - Level 1.1 Stealth
 + Level 1.3 Unarmed Combat
 - Level 1.5 Spellcasting
   Level 0.8 Conjurations
 - Level 3.0 Ice Magic


You had 3 spell levels left.
You knew the following spells:

 Your Spells              Type           Power        Failure   Level  Hunger
a - Freeze                Ice            #...         8%          1    ##.....


Dungeon Overview and Level Annotations

Branches:
Dungeon (2/15)

Altars:


Innate Abilities, Weirdness & Mutations

You have hooves in place of feet.
Armour fits poorly on your strangely shaped body.
You cover ground very quickly.
You have extremely tough skin. (AC +3)


Message History

You climb downwards.
There is a stone staircase leading up here.
Unknown command.
Found a stone staircase leading up.
A frilled lizard comes into view.
Found a stone staircase leading down.
Unknown command.
Unknown command.
Casting: Freeze (safe; 8% risk of failure)
Confirm with . or Enter, or press ? or * to list all spells.
Aiming: Freeze (safe; 8% risk of failure)
Press: ? - help, Shift-Dir - straight line, f - frilled lizard
Aim: a frilled lizard You freeze the frilled lizard.
You kill the frilled lizard!
Your Unarmed Combat skill increases to level 1!
There is a stone staircase leading up here.
You climb upwards.
There is a stone staircase leading down here.
Unknown command.
Found 5 large rocks.
A goblin comes into view.
A hobgoblin comes into view. It is wielding a club.
The hobgoblin moves out of view.
Casting: Freeze (safe; 8% risk of failure)
Confirm with . or Enter, or press ? or * to list all spells.
Aiming: Freeze (safe; 8% risk of failure)
Press: ? - help, Shift-Dir - straight line, f - hobgoblin
Aim: a hobgoblin, wielding a club You freeze the hobgoblin.
The hobgoblin is heavily wounded.
The hobgoblin barely misses you.
Casting: Freeze (safe; 8% risk of failure)
Confirm with . or Enter, or press ? or * to list all spells.
Aiming: Freeze (safe; 8% risk of failure)
Press: ? - help, Shift-Dir - straight line, f/p - hobgoblin
Aim: a hobgoblin, wielding a club (heavily wounded)
You freeze the hobgoblin.
You kill the hobgoblin!
You have reached level 2!
You hit the goblin. Your kick misses the goblin.
The goblin is severely wounded.
The goblin hits you but does no damage.
You barely miss the goblin. Your kick misses the goblin.
The goblin is severely wounded.
The goblin barely misses you.
You closely miss the goblin.
You kill the goblin!
Things that are here:
a club; a goblin corpse A goblin and a hobgoblin come into view.
The goblin is wielding a dagger of venom.
The hobgoblin shouts!
You hear a shout!
The goblin hits you but does no damage.
You are poisoned.
Found 16 arrows.
A kobold comes into view. It is wielding a whip.
Casting: Freeze (safe; 8% risk of failure)
Confirm with . or Enter, or press ? or * to list all spells.
Aiming: Freeze (safe; 8% risk of failure)
Press: ? - help, Shift-Dir - straight line, f - goblin
Aim: a goblin, wielding a dagger of venom You freeze the goblin.
You kill the goblin!
You feel sick.
The kobold throws a stone.
The stone hits you but does no damage.
Damage: -5%(-1hp) hp: 75%(15hp)
You feel sick.
A dart slug comes into view.
You feel sick.
Things that are here:
a club; a goblin corpse; Damage: -5%(-1hp) hp: 70%(14hp)
You feel sick.
Damage: -5%(-1hp) hp: 65%(13hp)
You feel sick.
Damage: -5%(-1hp) hp: 60%(12hp)
There is a stone staircase leading down here.
You feel sick.
Damage: -5%(-1hp) hp: 55%(11hp)
Casting: Freeze (safe; 8% risk of failure)
Confirm with . or Enter, or press ? or * to list all spells.
Aiming: Freeze (safe; 8% risk of failure)
Press: ? - help, Shift-Dir - straight line, f - hobgoblin
Aim: a hobgoblin, wielding a club You freeze the hobgoblin.
The hobgoblin is lightly wounded.
The hobgoblin hits you with a club.
* * * LOW HITPOINT WARNING * * *
Huge Dmg: -15%(-3hp) hp: 40%(8hp)
There is a stone staircase leading down here.
Unknown command.
You feel sick. The hobgoblin hits you with a club.
* * * LOW HITPOINT WARNING * * *
The kobold throws a stone.
The stone hits you.
* * * LOW HITPOINT WARNING * * *
You climb downwards.
There is a stone staircase leading up here.
Huge Dmg: -35%(-7hp) hp: 5%(1hp) Unknown command.
You die...

........
.....................
..............##......
..............##.....##
......................#
......................###.
.......................<..
..........†...........####
.........@............#
.......<..............#
......g...............#
##.........######...#.....
#.........# #.########
########### #.. ####


You could see a hobgoblin.

Vanquished Creatures
  A giant cockroach (D:1)
  4 goblins (D:1)
  A hobgoblin (D:1)
  A bat (D:1)
  2 frilled lizards
  A kobold (D:1)
  2 rats (D:1)
12 creatures vanquished.

Notes
Turn   | Place    | Note
-------+----------+-------------------------------------------
     0 | D:1      | dstrtnsr the Centaur Ice Elementalist began the quest for the Orb.
     0 | D:1      | Reached XP level 1. HP: 14/14 MP: 3/3
   128 | D:1      | Reached skill level 3 in Ice Magic
   236 | D:2      | Reached skill level 1 in Unarmed Combat
   249 | D:1      | Reached XP level 2. HP: 16/20 MP: 0/4
   268 | D:1      | HP: 8/20 [hobgoblin/club (3)]
   270 | D:1      | HP: 1/20 [kobold/stone (3)]
   273 | D:2      | Succumbed to a goblin's poison

Vault maps used:
D:1:      lightli_arrival_farm
D:2:      grunt_temple_overflow_holy_war, grunt_dithmenos_smoke_and_mirrors

Skill      XL: |  1 |
---------------+----+-----
Ice Magic      | 3 |  3.0
Unarmed Combat | 1 |  1.3
Dodging        | |  1.3
Stealth        | |  1.1
Spellcasting   | |  1.5
Conjurations   | |  0.8

Action                   || total
-------------------------++-------
Melee: Unarmed           ||    10
       Kick              ||     2
 Cast: Freeze            ||    15
  Use: Scroll            ||     3
Armor: Robe              ||     6
Dodge: Dodged            ||     8

Table legend:
 A = Spawn XP
 B = Non-spawn XP
 C = Spawn XP percentage of total XP
 D = Spawn monster count
 E = Non-spawn monster count
 F = Spawn count percentage of total count
 G = Total turns spent on level
                    A         B        C        D         E        F      G
               +---------+---------+-------+---------+---------+-------+---------
         Total |       0 |      16 |   0.0 |       0 |      12 |   0.0 |   273
               +---------+---------+-------+---------+---------+-------+---------
           D:1 |       0 |      15 |   0.0 |       0 |      11 |   0.0 |   251
           D:2 |       0 |       1 |   0.0 |       0 |       1 |   0.0 |    22
               +---------+---------+-------+---------+---------+-------+---------
